 Dungeon Crawl Stone Soup version 0.20.1-1-g8b1a95d (webtiles) character file.

140 mitko27 the Skirmisher (level 5, -12/42 HPs)
             Began as a Formicid Abyssal Knight on Nov 7, 2017.
             Was a Believer of Lugonu.
             Killed by divine providence
             ... invoked by an orc priest
              (13 damage)
             ... on level 4 of the Dungeon on Nov 9, 2017.
             The game lasted 00:23:34 (2478 turns).

mitko27 the Skirmisher (Formicid Abyssal Knight)    Turns: 2478, Time: 00:23:35

Health: -12/42     AC:  6    Str: 17    XL:     5   Next: 46%
Magic:  7/7        EV:  5    Int: 12    God:    Lugonu [**....]
Gold:   134        SH: 14    Dex: 10    Spells: 4/4 levels left

rFire    . . .     SeeInvis +   a - +1 spear
rCold    . . .     Gourm    .   b - +2 large shield
rNeg     . . .     Faith    .   e - +0 scale mail
rPois    .         Spirit   .   (helmet unavailable)
rElec    .         Reflect  .   (no cloak)
rCorr    .         Harm     .   (no gloves)
MR       .....                  (no boots)
Stlth    ..........             (no amulet)
Regen    0.2/turn               (no ring)
MPRegen  0.1/turn               (no ring)

@: no status effects
A: permanent stasis, dig shafts and tunnels, four strong arms, antennae 3
a: Dig, Shaft Self, Depart the Abyss, Bend Space, Renounce Religion


You were on level 4 of the Dungeon.
You worshipped Lugonu.
Lugonu was pleased with you.
You were not hungry.

You visited 1 branch of the dungeon, and saw 4 of its levels.
You visited the Abyss 1 time.

You collected 134 gold pieces.

Inventory:

Hand Weapons
 a - a +1 spear (weapon)
 s - a +0 hand axe
 u - a +0 hand axe
Missiles
 p - 8 tomahawks (quivered)
 q - 47 stones
 r - 24 arrows
 t - 15 sling bullets
Armour
 b - a +2 large shield (worn)
 e - a +0 scale mail (worn)
Scrolls
 h - a scroll of identify
 i - a scroll of fear {unknown}
 k - a scroll of fog {unknown}
Potions
 d - a potion of magic {unknown}
 j - a potion of invisibility {unknown}
 m - a potion of lignification {unknown}
 n - a potion of berserk rage {unknown}
 o - a potion of mutation {unknown}
Comestibles
 c - 2 bread rations


   Skills:
 + Level 3.7 Fighting
 * Level 3.4 Polearms
 + Level 2.4 Armour
 - Level 0.8 Dodging
 * Level 2.4 Stealth
 * Level 2.3 Shields
 * Level 2.9 Invocations


You had 4 spell levels left.
You didn't know any spells.

Dungeon Overview and Level Annotations

Branches:
Dungeon (4/15)
 Temple: D:4-7

Altars:
Fedhas


Innate Abilities, Weirdness & Mutations

You cannot be hasted, slowed, berserked, paralysed or teleported.
You can dig through walls and to a lower floor.
Your four strong arms can wield two-handed weapons with a shield.
You have a pair of large antennae on your head. (SInv)


Message History

The orc priest calls upon Beogh to heal the orc wizard.
The orc wizard's wounds heal themselves!
The orc priest hits you but does no damage.
You block the orc priest's attack.
The orc priest calls upon Beogh to heal the orc priest.
The orc priest is healed somewhat.
The orc priest casts a cantrip, but nothing happens.
You block the orc priest's attack.
The orc wizard mumbles some strange words.
The orc wizard seems to speed up.
The orc priest hits you but does no damage.
The orc wizard hits you with a dagger.
The orc priest invokes the aid of Beogh against you.
Beogh smites you!
* * * LOW HITPOINT WARNING * * *
The orc wizard gestures at you while chanting.
You resist with some effort. You block the orc priest's attack.
The orc priest calls down the wrath of Beogh upon you.
Beogh smites you!
You die...

.## #).## .....
#...###.8...
#...........
#.........#
#.#######........#
#...............#
###..@o..o....##
#..8.8.8o8......#
.................#
....8.8.8.8......#
...####..........#
.. #..........# .
..........###
##........##
###..<.###


You could see 2 orc priests and an orc wizard.

Vanquished Creatures
  The ghost of doot the Magician, an amateur DEWz (D:3)
  An adder (D:2)
  2 dart slugs (D:1)
  3 leopard geckos (D:2)
  5 giant cockroaches
  6 goblins
  7 hobgoblins
  5 jackals (D:2)
  7 kobolds
  8 bats
  A frilled lizard (D:2)
  7 rats
  3 plants (D:1)
56 creatures vanquished.

Notes
Turn   | Place    | Note
-------+----------+-------------------------------------------
     0 | Abyss:1  | mitko27 the Formicid Abyssal Knight began the quest for the Orb.
     0 | Abyss:1  | Reached XP level 1. HP: 18/18 MP: 2/2
     0 | D:1      | Escaped the Abyss
   535 | D:1      | Reached XP level 2. HP: 20/24 MP: 3/3
   540 | D:1      | Reached * piety under Lugonu
   652 | D:1      | Reached skill level 1 in Stealth
   728 | D:1      | Reached XP level 3. HP: 29/29 MP: 4/4
  1327 | D:2      | Reached skill level 1 in Shields
  1339 | D:2      | Reached XP level 4. HP: 33/35 MP: 6/6
  1489 | D:2      | Reached ** piety under Lugonu
  1530 | D:2      | Found a blossoming altar of Fedhas.
  2125 | D:3      | Noticed doot's ghost (amateur DEWz)
  2162 | D:3      | HP: 1/35 [doot's ghost] (2)]
  2167 | D:3      | Killed doot's ghost
  2167 | D:3      | Reached XP level 5. HP: 2/42 MP: 7/7
  2476 | D:4      | HP: 1/42 [orc priest/divine providence (13)]
  2478 | D:4      | Killed from afar by an orc priest

Skill      XL: |  1  2  3  4 |
---------------+-------------+-----
Stealth        | 1 2 |  2.4
Shields        | 1 2 |  2.3
Polearms       | 3 |  3.4
Fighting       | |  3.7
Armour         | |  2.4
Dodging        | |  0.8
Invocations    | |  2.9

Action                   |  1- 3 |  4- 6 || total
-------------------------+-------+-------++-------
Melee: Spear             |   328 |   106 ||   434
Invok: Depart the Abyss  |     1 |       ||     1
       Bend Space        |       |     1 ||     1
 Abil: Dig               |     1 |       ||     1
  Use: Scroll            |       |     3 ||     3
       Potion            |       |     2 ||     2
  Eat: Fruit             |     3 |     1 ||     4
       Chunk             |       |     2 ||     2
       Bread ration      |       |     1 ||     1
Armor: Scale mail        |    69 |    43 ||   112
Dodge: Dodged            |    21 |    19 ||    40
Block: Large shield      |    92 |    87 ||   179
